 Dungeon Crawl Stone Soup version 0.30-a0-782-ge64f9170bb (webtiles) character file.

Game seed: 3056736841287719635

16 mopl the Sneak (level 2, 0/19 HPs)
             Began as an Octopode Brigand on Mar 2, 2023.
             Slain by a kobold
             ... wielding a +0 club
              (5 damage)
             ... on level 1 of the Dungeon.
             The game lasted 00:00:28 (212 turns).

mopl the Sneak (Octopode Brigand)                    Turns: 212, Time: 00:00:28

Health: 0/19       AC:  1    Str: 10    XL:     2   Next: 58%
Magic:  2/2        EV: 12    Int: 13    God:
Gold:   18         SH:  0    Dex: 13    Spells: 1/1 levels left

rFire   . . .      SeeInvis .    a - +2 dagger
rCold   . . .      Faith    .    (no shield)
rNeg    . . .      Spirit   .    (helmet restricted)
rPois   .          Reflect  .    (no amulet)
rElec   .          Harm     .    (no ring)
rCorr   .          Rampage  .    (no ring)
Will    .....                    (no ring)
Stlth   ++++                     (no ring)
HPRegen 0.23/turn                (no ring)
MPRegen 0.08/turn                (no ring)
                                 (no ring)
                                 (no ring)

@: no status effects
A: almost no armour, amphibious, 8 rings, camouflage 1, gelatinous body 1,
(nimble swimmer 1), tentacles
a: no special abilities


You were on level 1 of the Dungeon.
You visited 1 branch of the dungeon, and saw 1 of its levels.

You collected 18 gold pieces.

Inventory:

Hand Weapons
 a - a +2 dagger (weapon)
Missiles
 b - 14 poisoned darts (quivered)
 c - 3 curare-tipped darts
Potions
 d - a potion of curing {unknown}
 e - a potion of might {unknown}
 f - a potion of flight {unknown}
 g - a potion of brilliance {unknown}


   Skills:
 - Level 2.0 Fighting
 + Level 2.3(2.4) Short Blades
 + Level 0.9(1.7) Long Blades
 + Level 2.3 Throwing
 - Level 1.0 Dodging
 + Level 5.5 Stealth


You had one spell level left.
You didn't know any spells.
Your spell library was empty.

Dungeon Overview and Level Annotations

Branches:
Dungeon (1/15)

Altars:


Innate Abilities, Weirdness & Mutations

You cannot wear most types of armour.
You are amphibious.
You can wear up to eight rings at the same time.
Your skin changes colour to match your surroundings (Stealth+).
Your rubbery body absorbs attacks. (AC +1, EV +1)
((You are camouflaged when in or above water. (Stealth+)))
You have tentacles for arms and can constrict up to eight enemies at once.


Message History

The quokka is almost dead.
The jackal bites you.
The quokka bites you but does no damage.
The jackal bites you.
You hit the quokka but do no damage. You grab the quokka.
The quokka is severely wounded.
You constrict the quokka.
You kill the quokka!
The bat hits you. x2
You hit the jackal. You grab the jackal. You tentacle-slap the jackal.
You squeeze the jackal.
You kill the jackal!
The bat hits you. The kobold barely misses you.
The kobold attacks as you move away! The kobold hits you with a +0 club.
The bat closely misses you. The bat closely misses you.
The jackal closely misses you.
You hit the jackal but do no damage. Your grab misses the jackal.
You squeeze the jackal, but do no damage.
The jackal closely misses you. The bat hits you but does no damage.
The jackal bites you but does no damage.
You hit the jackal. Your grab misses the jackal.
Your tentacle-slap misses the jackal.
The jackal is severely wounded.
The bat barely misses you. The jackal bites you.
You hit the jackal. Your grab misses the jackal.
Your squeeze misses the jackal.
The jackal is almost dead.
The jackal misses you. The bat hits you.
You miss the jackal. Your grab misses the jackal.
The jackal is almost dead.
The bat barely misses you. The jackal bites you.
* * * LOW HITPOINT WARNING * * *
You hit the jackal.
You kill the jackal!
The bat closely misses you. The bat hits you.
* * * LOW HITPOINT WARNING * * *
You hit the kobold but do no damage. Your grab misses the kobold.
You squeeze the kobold, but do no damage.
The bat hits you but does no damage. The kobold hits you with a +0 club.
You die...

## ##.....# ..> ......#
#.#.##.....# #.#........#
#.#.#......# ####.#.#......
.$...#.#.#†.###### ##
#...†#.#b......# #.
.####...†..K@#.....#########.
?.........#####..............
(..##...#...###....#########.
#...###....##### #. #.!.#
#..?.....# ## #####
#......#.# #.....†#.###
#......#...# ### #......#...#
#..


You could see a bat and a kobold.

Vanquished Creatures
  A dart slug (D:1)
  2 ball pythons (D:1)
  2 goblins (D:1)
  A hobgoblin (D:1)
  2 jackals (D:1)
  A quokka (D:1)
  A bat (D:1)
  A frilled lizard (D:1)
  2 rats (D:1)
13 creatures vanquished.

Notes
Turn   | Place    | Note
-------+----------+-------------------------------------------
     0 | D:1      | mopl the Octopode Brigand began the quest for the Orb.
     0 | D:1      | Reached XP level 1. HP: 14/14 MP: 1/1
   132 | D:1      | Reached XP level 2. HP: 19/19 MP: 2/2
   212 | D:1      | Slain by a kobold

Illustrated notes

Levels and vault maps discovered:
D:1:      dpeg_arrival_line_fractal, layout_basic

Action                     || total
---------------------------++-------
  Melee: Dagger            ||    30
         Constrict         ||     7
         Tentacles         ||     7
         Punch             ||     2
   Stab: Sleeping          ||     3
 Armour: Skin              ||     6
  Dodge: Dodged            ||    21

Table legend: (Time is in decaauts)
 A = Elapsed time spent in this place.
 B = Non-inter-level travel time spent in this place.
 C = Inter-level travel time spent in this place.
 D = Time resting spent in this place.
 E = Time spent auto-exploring this place.
 F = Levels seen in this place.
 G = Mean time per level.
                   A        B        C        D        E       F      G
               +--------+--------+--------+--------+--------+-----+--------+
         Total |    208 |    208 |      0 |      0 |    139 |   1 |  208.0 |
       Dungeon |    208 |    208 |      0 |      0 |    139 |   1 |  208.0 |
               +--------+--------+--------+--------+--------+-----+--------+

Top non-repeatable levels by time:
     D:1: 208 daAuts
